 Dungeon Crawl Stone Soup version 0.19-a0-1216-g363869b (webtiles) character file.

81223 magipi the Fencer (level 15, -22/127 HPs)
             Began as a Minotaur Berserker on Aug 22, 2016.
             Was the Champion of Trog.
             Annihilated by Donald
             ... wielding a +2 scimitar of flaming
              (28 damage)
             ... on level 2 of the Shoals on Aug 23, 2016.
             The game lasted 01:48:35 (16903 turns).

magipi the Fencer (Minotaur Berserker)             Turns: 16903, Time: 01:48:36

Health: -22/127    AC: 24    Str: 30    XL:     15   Next: 26%
Magic:  8/8        EV: 18    Int:  4    God:    Trog [******]
Gold:   1132       SH:  0    Dex: 14    Spells: 0 memorised, 14 levels left

rFire  . . .     SeeInvis .     b - +5 great sword (antimagic)
rCold  . . .     Gourm    .     z - +5 ring mail of the Iron Devil {Regen+ rCorr}
rNeg   + + .     Faith    +     (shield currently unavailable)
rPois  .         Spirit   .     C - +2 hat
rElec  +         Dismiss  .     k - +2 cloak
rCorr  +         Reflect  .     J - +2 pair of gloves
MR     +....     Harm     .     D - +2 pair of boots
Stlth  +.........               V - amulet of faith
                                S - ring "Weriuptuew" {*Drain rElec rN++ Str+2}
                                p - +4 ring of strength

@: mesmerised
A: retaliatory headbutt, horns 2
a: Berserk, Trog's Hand, Brothers in Arms, Burn Spellbooks, Renounce Religion


You were on level 2 of the Shoals.
You worshipped Trog.
Trog was exalted by your worship.
You were not hungry.

You visited 4 branches of the dungeon, and saw 25 of its levels.
You also visited: Labyrinth, Ossuary and Ice Cave.

You collected 2577 gold pieces.
You spent 1445 gold pieces at shops.

Notes
Turn   | Place    | Note
-------+----------+-------------------------------------------
     0 | D:1      | magipi the Minotaur Berserker began the quest for the Orb.
     0 | D:1      | Reached XP level 1. HP: 19/19 MP: 0/0
   252 | D:1      | Reached skill level 4 in Long Blades
   334 | D:1      | Reached XP level 2. HP: 24/26 MP: 1/1
   635 | D:2      | Reached skill level 5 in Long Blades
   640 | D:2      | Reached XP level 3. HP: 24/31 MP: 2/2
   645 | D:2      | Reached ** piety under Trog
   848 | D:2      | Noticed Sigmund
   857 | D:2      | Killed Sigmund
   857 | D:2      | Reached skill level 7 in Long Blades
   857 | D:2      | Reached XP level 4. HP: 39/39 MP: 3/3
   857 | D:2      | Reached XP level 5. HP: 45/45 MP: 4/4
  1132 | D:3      | Found a blossoming altar of Fedhas.
  1269 | D:3      | Reached skill level 8 in Long Blades
  1389 | D:3      | Reached XP level 6. HP: 47/51 MP: 5/5
  1521 | D:3      | Found a runed door.
  1525 | D:3      | Noticed Crazy Yiuf
  1625 | D:3      | Killed Crazy Yiuf
  1686 | D:4      | Found Ovotew's Armour Shoppe.
  1758 | D:4      | Reached *** piety under Trog
  1758 | D:4      | Reached skill level 9 in Long Blades
  2048 | D:5      | Entered Level 5 of the Dungeon
  2112 | D:5      | Reached XP level 7. HP: 54/57 MP: 6/6
  2136 | D:5      | Found an opulent altar of Gozag.
  2198 | D:5      | Found a sacrificial altar of Ru.
  2289 | D:5      | Noticed Edmund
  2309 | D:5      | Killed Edmund
  2309 | D:5      | Reached skill level 10 in Long Blades
  2490 | D:5      | Found a deep blue altar of Sif Muna.
  2622 | D:6      | Reached skill level 11 in Long Blades
  2793 | D:6      | Found a staircase to the Ecumenical Temple.
  2915 | D:6      | Reached XP level 8. HP: 49/64 MP: 7/7
  2989 | D:6      | Reached **** piety under Trog
  3000 | D:6      | Reached skill level 12 in Long Blades
  3579 | D:7      | Reached skill level 5 in Fighting
  3658 | D:7      | Reached skill level 5 in Armour
  4055 | D:7      | Reached XP level 9. HP: 65/78 MP: 8/8
  4327 | D:4      | Bought a +2 hat for 176 gold pieces
  4327 | D:4      | Bought a +2 pair of boots for 181 gold pieces
  4717 | D:8      | Found a staircase to the Lair.
  4743 | D:8      | Found a sand-covered staircase.
  4749 | Ossuary  | Entered an ossuary
  4784 | Ossuary  | Reached ***** piety under Trog
  4842 | Ossuary  | Received a gift from Trog
  4952 | D:8      | Identified a scroll of acquirement
  5007 | D:8      | Reached skill level 1 in Evocations
  5369 | D:8      | Reached XP level 10. HP: 89/89 MP: 11/11
  5374 | D:8      | Found a sparkling altar of Nemelex Xobeh.
  5704 | D:9      | Found Daicanape's Antique Weapon Shoppe.
  5895 | D:9      | Noticed Pikel
  5902 | D:9      | Killed Pikel
  5902 | D:9      | Reached skill level 10 in Armour
  5902 | D:9      | Reached skill level 5 in Evocations
  6058 | D:9      | Found an ancient bone altar of Kikubaaqudgha.
  6074 | D:10     | Entered Level 10 of the Dungeon
  6074 | D:10     | Found Jaufap's Book Shoppe.
  6232 | D:10     | Found a staircase to the Orcish Mines.
  6234 | D:10     | Found Nyreuw's Armour Shoppe.
  6338 | D:10     | Found Teifa's Food Shop.
  6504 | D:10     | Found Heroqut's Jewellery Shop.
  6661 | D:10     | Found Taonaaph's Magic Scroll Boutique.
  6671 | D:10     | Bought a scroll of identify for 28 gold pieces
  6671 | D:10     | Bought a scroll of fear for 49 gold pieces
  6671 | D:10     | Bought a scroll of random uselessness for 14 gold pieces
  6671 | D:10     | Bought a scroll of recharging for 133 gold pieces
  6671 | D:10     | Bought 2 scrolls of teleportation for 84 gold pieces
  6828 | D:10     | Reached skill level 5 in Dodging
  7247 | D:11     | Noticed a hill giant
  7267 | D:11     | Killed a hill giant
  7267 | D:11     | Reached XP level 11. HP: 95/95 MP: 15/15
  7284 | D:11     | Noticed a green ugly thing
  7298 | D:11     | Killed a green ugly thing
  7577 | D:11     | Noticed an eight-headed hydra
  7582 | D:11     | Killed an eight-headed hydra
  7733 | D:11     | Noticed a hill giant
  7739 | D:11     | Killed a hill giant
  7748 | D:11     | Noticed a hill giant
  7752 | D:11     | Killed a hill giant
  8040 | Lair:1   | Entered Level 1 of the Lair of Beasts
  8111 | Lair:1   | Received a gift from Trog
  8860 | Lair:1   | Received a gift from Trog
  8896 | Lair:2   | Found a frozen archway.
  8902 | IceCv    | Entered an ice cave
  8902 | IceCv    | Noticed a white ugly thing
  8906 | IceCv    | Killed a white ugly thing
  9065 | Lair:2   | Reached XP level 12. HP: 80/103 MP: 18/18
  9161 | Lair:2   | Found a labyrinth entrance.
  9168 | Lab      | Entered a labyrinth
  9525 | Lab      | Noticed a minotaur
  9533 | Lab      | Killed a minotaur
  9533 | Lab      | Reached skill level 10 in Dodging
  9535 | Lab      | Got a steaming granite ring
  9548 | Lab      | Identified the ring "Weriuptuew" {*Drain rElec rN++ Str+2} (You took it off a minotaur in a labyrinth)
  9771 | Lair:3   | Reached skill level 10 in Evocations
  9811 | Lair:3   | Got a crude ring mail
  9821 | Lair:2   | Noticed a six-headed hydra
  9889 | Lair:3   | Found a staircase to the Shoals.
 10070 | Lair:3   | Received a gift from Trog
 10301 | Lair:4   | Found a hole to the Spider Nest.
 10395 | Lair:4   | Reached skill level 13 in Long Blades
 10450 | Lair:4   | Reached skill level 10 in Fighting
 10889 | Lair:6   | Entered Level 6 of the Lair of Beasts
 10889 | Lair:6   | Found a staircase to the Slime Pits.
 11122 | Lair:5   | Reached XP level 13. HP: 111/113 MP: 20/20
 11123 | Lair:5   | Found a glowing golden altar of the Shining One.
 11257 | Lair:6   | Reached ****** piety under Trog
 11271 | Lair:6   | Reached skill level 14 in Long Blades
 11741 | Lair:6   | Received a gift from Trog
 11971 | Lair:6   | Reached skill level 15 in Long Blades
 12075 | Lair:6   | Noticed a dire elephant
 12409 | Orc:1    | Entered Level 1 of the Orcish Mines
 12417 | Orc:1    | Found Xoqous's Food Emporium.
 12421 | Orc:1    | Found Saim's Antique Weapon Shop.
 12607 | Orc:1    | Found Mohauhac's Food Shop.
 12609 | Orc:1    | Found Ehygeuf's Book Boutique.
 12681 | Orc:2    | Entered Level 2 of the Orcish Mines
 12684 | Orc:2    | Paralysed by an orc sorcerer for 7 turns
 12734 | Orc:2    | Found a staircase to the Elven Halls.
 12787 | Orc:2    | Received a gift from Trog
 12816 | Orc:2    | Noticed Azrael
 12839 | Orc:2    | Killed Azrael
 12882 | Orc:2    | Noticed Maurice
 12928 | Orc:2    | Killed Maurice
 12978 | Orc:2    | Identified the +5 ring mail of the Iron Devil {Regen+ rCorr} (You found it on level 3 of the Lair of Beasts)
 13173 | Orc:2    | Reached XP level 14. HP: 111/121 MP: 22/22
 13197 | Orc:2    | Reached skill level 16 in Long Blades
 13220 | Orc:2    | Found Sige's Book Emporium.
 13220 | Orc:2    | Found Quixkeol's General Store.
 13271 | Orc:2    | Received a gift from Trog
 13335 | Orc:2    | Found Okabled's Antique Weapon Shop.
 13335 | Orc:2    | Found Uwupy's Antique Armour Boutique.
 13408 | Orc:2    | Bought a wand of paralysis (13/24) for 180 gold pieces
 13408 | Orc:2    | Bought a potion of resistance for 120 gold pieces
 13408 | Orc:2    | Bought a potion of curing for 36 gold pieces
 13408 | Orc:2    | Bought a potion of might for 48 gold pieces
 13408 | Orc:2    | Bought 2 potions of mutation for 60 gold pieces
 13408 | Orc:2    | Bought a potion of magic for 96 gold pieces
 13426 | Orc:2    | Bought a sack of spiders for 240 gold pieces
 13654 | D:12     | Found a portal to a secret trove of treasure.
 14109 | D:12     | Noticed Psyche
 14120 | D:12     | Killed Psyche
 14595 | D:14     | Reached skill level 17 in Long Blades
 14721 | D:14     | Received a gift from Trog
 15038 | D:14     | Found a gate to the Vaults.
 15088 | D:15     | Entered Level 15 of the Dungeon
 15427 | D:15     | Noticed Urug
 15445 | D:15     | Killed Urug
 15610 | D:15     | Noticed Roxanne
 15696 | D:15     | Paralysed by a wizard for 4 turns
 15726 | D:15     | Found a staircase to the Depths.
 15732 | D:15     | Reached XP level 15. HP: 126/126 MP: 24/24
 15744 | D:15     | Received a gift from Trog
 15778 | D:15     | Upgraded the game from 0.19-a0-1210-g5c1aa26 to 0.19-a0-1216-g363869b
 16061 | Shoals:1 | Entered Level 1 of the Shoals
 16089 | Shoals:1 | Noticed Louise
 16109 | Shoals:1 | Killed Louise
 16109 | Shoals:1 | Reached skill level 18 in Long Blades
 16885 | Shoals:2 | Noticed Donald
 16901 | Shoals:2 | HP: 5/127 [Donald/scimitar of flaming (3)]
 16903 | Shoals:2 | Annihilated by Donald

Inventory:

Hand Weapons
 a - a +5 great sword of draining
 b - a +5 antimagic great sword (weapon)
 h - a +3 scimitar of flaming
 W - a +2 triple sword of holy wrath
Missiles
 l - 17 javelins (quivered)
 L - 4 throwing nets
Armour
 k - a +2 cloak (worn)
 q - a +2 chain mail of fire resistance
 y - a +4 chain mail of cold resistance
 z - the +5 ring mail of the Iron Devil (worn) {Regen+ rCorr}
   (You found it on level 3 of the Lair of Beasts)

   It increases your rate of regeneration.
   It protects you from acid and corrosion.
 B - a +0 plate armour of poison resistance
 C - a +2 hat (worn)
 D - a +2 pair of boots (worn)
 J - a +2 pair of gloves (worn)
Rods
 r - a +4 lightning rod (9/9)
   (You found it in a labyrinth)
Jewellery
 p - a +4 ring of strength (left hand)
 w - an uncursed ring of flight
 S - the ring "Weriuptuew" (right hand) {*Drain rElec rN++ Str+2}
   (You took it off a minotaur in a labyrinth)

   [ring of strength]

   It affects your strength (+2).
   It insulates you from electricity.
   It greatly protects you from negative energy.
   It causes draining when unequipped.
 V - an amulet of faith (around neck)
Wands
 n - a wand of iceblast (5/15)
 u - a wand of enslavement (1/24)
 v - a wand of confusion (44/48)
 H - a wand of acid (2/15)
 K - a wand of polymorph (11/24)
 O - a wand of heal wounds (7/9)
 Q - a wand of paralysis (12/24)
 X - a wand of acid (1/15)
 Y - a wand of enslavement (13/24)
Scrolls
 d - 7 scrolls of remove curse
 i - 7 scrolls of enchant weapon
 o - a scroll of blinking
 N - 3 scrolls of fog
 P - 4 scrolls of fear
 R - 7 scrolls of recharging
 T - 11 scrolls of teleportation
 Z - 3 scrolls of identify
Potions
 e - a potion of invisibility
 g - a potion of haste
 s - 5 potions of curing
 t - 4 potions of lignification
 x - 2 potions of might
 E - 4 potions of flight
 F - 4 potions of resistance
 G - 4 potions of agility
 I - 4 potions of heal wounds
Miscellaneous
 m - a sack of spiders
 M - a phantom mirror
 U - a lamp of fire
Comestibles
 c - 13 bread rations
 f - 7 meat rations


   Skills:
 + Level 10.3 Fighting
 - Level 18.0 Long Blades
 + Level 10.8 Armour
 + Level 10.7 Dodging
 + Level 14.8 Evocations


You had 14 spell levels left.
You didn't know any spells.

Dungeon Overview and Level Annotations

Branches:
Dungeon (15/15)            Temple (0/1) D:6            Lair (6/6) D:8
 Shoals (2/4) Lair:3       Spider (0/4) Lair:4        Slime (0/5) Lair:6
    Orc (2/2) D:10            Elf (0/3) Orc:2        Vaults (0/5) D:14
 Depths (0/5) D:15

Altars:
Fedhas
Gozag
Kikubaaqudgha
Nemelex Xobeh
Ru
Sif Muna
The Shining One

Shops:
D:4 [   D:9 (   D:10 =:?[%   Orc:1 %:(%   Orc:2 :[*(

Portals:
Trove: D:12 (lose all piety)

Annotations:
D:15 exclusion: Roxanne, Roxanne
Lair:3 exclusion: upstairs
Lair:5 exclusion: oklob plant
Shoals:2 Donald


Innate Abilities, Weirdness & Mutations

You reflexively headbutt those who attack you in melee.
You have a pair of horns on your head.

Vault maps used:
D:1:      eino_arrival_cavern_a, minmay_pentomino_o2
D:2:      uniq_sigmund
D:3:      grunt_ministairs_2, fedhas_altar_4, uniq_crazy_yiuf_cottage
D:4:      serial_shops, shop
D:5:      lemuel_blue_sif_altar, first_bread, basic_altar,
          nicolae_gozag_cash_rules_everything_around_me, uniq_edmund
D:6:      wad_woods_tower, kennysheep_cross_room
D:8:      lemuel_crystal_altar, lair_0_dummy,
          lightli_ossuary_entry_decrepit_ruins
D:9:      kennysheep_mini_moat, serial_shops, nicolae_shop_waterfront,
          grunt_ogre_cave, uniq_pikel
D:10:     orc_david_3, serial_shops, shop, nicolae_shop_statue_plus,
          nicolae_shop_statue_plus, nicolae_shop_crystal
D:11:     hangedman_abyss_or_decor_passed
D:12:     enter_trove_6, uniq_psyche
D:14:     grunt_vaults_entry_fortified, infiniplex_staircase_zigzag_4,
          special_room
D:15:     grunt_enter_depths_magical_seal, serial_bayou_shore_a, uniq_roxanne,
          uniq_urug
Lair:1:   nicolae_volcano_entry_s_turn, serial_forest,
          infiniplex_forest_clump_medium, infiniplex_forest_clump_long,
          infiniplex_forest_lined_corner, infiniplex_forest_clump_double,
          infiniplex_forest_clump_small, grunt_megastairs_3
Lair:2:   portal_ice_cave_entry_pillars_2, lab_entry_generic,
          cheibrodos_lair_caveside_slide, minmay_another_anthill
Lair:3:   gammafunk_lair_enchanted_lake, elwin_shoals_entry_rocks
Lair:4:   spider_nest_entry_webs
Lair:5:   lemuel_oklob_altar, grunt_megastairs_4, infiniplex_staircase_pool
Lair:6:   evil_forest, slime_dummy, worms_lemuel, uniq_josephine
Shoals:1: serial_shops, shop, nicolae_shoals_seven_spires, uniq_louise
Shoals:2: uniq_polyphemus, uniq_donald
Orc:1:    serial_shops, shop, shop, shop, nicolae_shop_crystal
Orc:2:    st_orc_open, uniq_maurice, uniq_azrael
Lab:      labyrinth_spiral, nicolae_lab_swirl, nicolae_lab_checkerboard,
          nicolae_lab_flowing_pool
Ossuary:  ossuary_tomb_2
IceCv:    ice_cave_statue_garden_teleport


Message History

You now have 1117 gold pieces (gained 15).
You see here a tomahawk.
Things that are here:
a trident; 3 tomahawks; a merfolk corpse You now have 1132 gold pieces (gained 15).
Found a bread ration.
c - 13 bread rations (gained 1)
A manticore comes into view.
The manticore bites you!!
The manticore claws you but does no damage.
The manticore closely misses you.
You slice the manticore!!
The manticore is heavily wounded.
The manticore bites you but does no damage.
The manticore barely misses you.
The manticore claws you but does no damage.
You slash the manticore! You headbutt the manticore!
The manticore is almost dead.
You slash the manticore!
You kill the manticore!
Trog accepts your kill.
You see here a manticore corpse.
You see here a ring of stealth.
You see here a ring of stealth.
Found a stone staircase leading up.
You enter the shallow water.
Moving in this stuff is going to be slow.
Donald the Adventurer comes into view.
He is wielding a scimitar of flaming.
Donald shouts!
Donald says, "I think I hate rivers, but I can't remember why."
A siren comes into view. It is wielding a spear.
Press: ? - help, v - describe, . - travel
Here: Donald, wielding a scimitar of flaming, wearing a glowing chain mail and wearing a runed shield The floor.
There are monsters nearby!
Wield which item (- for none, * to show all)? (? for menu, Esc to quit)
Okay, then.
The siren shouts!
Donald mumbles some strange words.
Donald seems to speed up.
You start resting.
The siren hits you but does no damage. Donald misses you.
The siren chants a haunting song.
You resist with almost no effort.
You slice Donald!!
Donald's magic leaks into the air.
Donald is lightly wounded.
Donald hits you with a scimitar of flaming!
Donald burns you.
The siren chants a haunting song.
You resist with almost no effort.
You slash Donald!
Donald's magic leaks into the air.
You headbutt Donald.
Donald is moderately wounded.
Donald casts a spell.
Donald seems to grow stronger.
The siren hits you but does no damage.
You slash Donald!
Donald's magic leaks into the air.
Your headbutt misses Donald.
Donald is heavily wounded.
Donald hits you with a scimitar of flaming!
Donald burns you!
The siren chants a haunting song.
You are mesmerised by the siren!
You are too mesmerised to rage.
Unknown command.
Donald blocks your attack. x2
Donald is heavily wounded.
Donald hits you but does no damage. Donald blocks your attack.
You headbutt Donald, but do no damage.
Donald is heavily wounded.
The siren chants its luring song.
Donald says, "And I thought they were famous for their poetry."
Donald barely misses you.
Unknown command.
You hit Donald but do no damage.
Donald is heavily wounded.
Donald hits you with a scimitar of flaming!!
Donald burns you!
The siren chants its luring song.
Unknown command.
Donald blocks your attack.
Donald is heavily wounded.
Donald hits you with a scimitar of flaming!!
* * * LOW HITPOINT WARNING * * *
Donald burns you!
* * * LOW HITPOINT WARNING * * *
Unknown command.
You slice Donald!!
Donald's magic leaks into the air.
Donald is severely wounded.
The siren chants its luring song.
Donald hits you with a scimitar of flaming!
* * * LOW HITPOINT WARNING * * *
Donald burns you.
* * * LOW HITPOINT WARNING * * *
You slice Donald!!
Donald's magic leaks into the air.
Donald is almost dead.
The siren chants its luring song.
Donald blocks your attack.
Your headbutt misses Donald.
Donald is almost dead.
Donald hits you with a scimitar of flaming!!
You die...

≈≈≈≈≈≈≈≈≈≈≈≈≈..
≈≈≈≈≈≈≈≈≈≈≈≈≈m@.
≈≈≈≈≈≈≈≈≈≈≈≈≈...
≈≈≈≈≈≈≈≈≈≈≈≈≈... .
≈≈≈≈≈≈≈≈≈≈≈≈≈..# .≈
≈≈≈≈≈≈≈≈≈≈≈≈≈≈≈≈.# #...
≈≈≈≈≈≈≈≈≈≈≈≈≈≈≈m@# ...≈.
≈≈≈≈≈≈≈≈≈≈≈≈≈≈≈≈@###...≈≈≈
≈≈≈≈≈≈≈≈≈≈≈≈≈≈≈≈≈....≈≈≈≈≈
≈≈≈≈≈≈≈≈≈≈≈≈≈≈≈≈≈≈≈≈≈≈≈≈≈≈
PP≈≈≈≈≈≈≈≈..≈..≈≈≈≈≈≈≈≈≈≈≈≈≈≈≈
PP≈PPP≈........≈≈≈≈≈≈≈≈≈≈≈≈≈≈≈
..≈P≈.P†...##.≈≈≈≈≈≈≈≈≈≈≈≈≈≈P≈
..........###.≈≈>≈≈≈≈≈≈≈≈≈≈≈≈≈
....#####=###....≈>≈≈≈≈≈≈≈≈≈≈≈
##### #........≈≈≈≈≈≈≈≈≈≈≈≈≈ ≈


You could see Donald and a siren.

Vanquished Creatures
  Louise (Shoals:1)
  Azrael (Orc:2)
  A minotaur (Lab)
  4 vault guards (D:14)
  4 hydras
  3 ogre magi
  6 death yaks
  Urug (D:15)
  A sea snake (Shoals:2)
  2 wizards
  2 unseen horrors
  2 deep trolls (Orc:2)
  12 hill giants
  A necromancer (D:15)
  Pikel (D:9)
  A deep elf archer (D:14)
  A wolf spider zombie (D:15)
  2 orc knights
  3 orc sorcerers
  2 ugly things
  An oklob plant (Lair:6)
  5 manticores
  5 fauns
  A deep elf mage (D:15)
  4 cyclopes
  10 elephants
  Maurice (Orc:2)
  2 sirens
  3 black mambas
  4 centaur zombies
  A naga mage (D:15)
  Psyche (D:12)
  A gargoyle (D:14)
  5 spiny frogs
  A komodo dragon (shapeshifter) (D:14)
  6 komodo dragons
  3 rime drakes
  A yaktaur (D:14)
  2 redback zombies (D:15)
  12 trolls
  3 merfolk (Shoals:2)
  3 meliai (D:13)
  9 two-headed ogres
  20 blink frogs
  5 slime creatures (D:14)
  A boulder beetle (Lair:6)
  4 redbacks (Lair:4)
  A meliai zombie (D:14)
  3 snapping turtles
  Sigmund (D:2)
  2 wyverns
  20 yaks
  4 fire elementals (Orc:2)
  2 basilisks
  3 hungry ghosts
  8 hippogriffs
  17 water moccasins
  2 hell hounds (Orc:2)
  A soldier ant (Lair:2)
  Edmund (D:5)
  7 porcupines
  12 ice beasts
  23 orc warriors
  2 sky beasts
  3 necrophages
  An eye of draining (D:11)
  2 black bears
  21 ogres
  9 wolves
  5 centaurs
  13 crocodiles
  2 big kobolds
  19 giant frogs
  A wyvern zombie (D:13)
  A gnoll sergeant (D:8)
  A wyvern skeleton (D:7)
  A water moccasin skeleton (D:8)
  3 water moccasin zombies (Ossuary)
  7 scorpions
  13 killer bees
  17 wights
  6 howler monkeys
  An electric eel (D:15)
  4 crimson imps
  2 quasits
  Crazy Yiuf (D:3)
  A jelly (D:8)
  A gnoll shaman (D:10)
  A wasp zombie (D:9)
  A giant frog zombie (D:13)
  14 orc priests
  2 hounds
  12 orc wizards
  3 centaur skeletons
  2 giant frog skeletons
  6 iguanas
  10 worker ants
  A killer bee zombie (D:9)
  2 big kobold zombies (Ossuary)
  2 mummies (Ossuary)
  A howler monkey zombie (D:7)
  A worker ant zombie (D:7)
  16 gnolls
  A howler monkey skeleton (D:4)
  16 adders
  59 river rats
  6 shadow imps
  An adder zombie (Ossuary)
  7 worms
  2 dart slugs (D:4)
  6 giant geckos
  54 orcs
  A ball python (D:2)
  3 giant cockroaches
  6 goblins
  4 hobgoblins
  16 jackals
  4 quokkas
  6 bats
  A giant cockroach zombie (D:6)
  6 giant newts
  4 gnoll zombies (Ossuary)
  10 hobgoblin zombies (Ossuary)
  A jackal skeleton (D:4)
  14 kobolds
  4 kobold zombies (Ossuary)
  7 orc zombies (Ossuary)
  6 rats
  2 plants (D:6)
730 creatures vanquished.

Vanquished Creatures (collateral kills)
  A hill giant (D:13)
  A troll (Orc:2)
  A two-headed ogre (Orc:2)
  A hungry ghost (D:13)
  A wolf (Lair:1)
  2 ogres (Orc:2)
  A crocodile (Lair:1)
8 creatures vanquished.

Vanquished Creatures (others)
  3 slaves (D:9)
  2 orc priests (D:9)
  An orc wizard (D:9)
  4 fungi
  4 plants
  8 toadstools (Lair:3)
22 creatures vanquished.

Grand Total: 760 creatures vanquished

Action                   |  1- 3 |  4- 6 |  7- 9 | 10-12 | 13-15 || total
-------------------------+-------+-------+-------+-------+-------++-------
Melee: Falchion          |    97 |   106 |   410 |       |       ||   613
       Headbutt          |    12 |    22 |   121 |   120 |   219 ||   494
       Great sword       |       |       |    81 |   565 |   786 ||  1432
Invok: Berserk           |     1 |     3 |     4 |     9 |     6 ||    23
       Trog's Hand       |     1 |       |       |       |    10 ||    11
       Brothers in Arms  |       |       |       |     1 |     1 ||     2
Evoke: Wand              |       |       |       |     5 |    23 ||    28
       Lamp of fire      |       |       |       |       |     1 ||     1
  Use: Scroll            |       |     1 |    15 |    11 |     7 ||    34
       Potion            |       |       |       |       |     3 ||     3
 Stab: Paralysed         |       |       |       |       |     2 ||     2
  Eat: Chunk             |       |     8 |    10 |    17 |    15 ||    50
       Fruit             |       |       |     3 |       |       ||     3
       Beef jerky        |       |       |     2 |     4 |     6 ||    12
       Pizza             |       |       |       |     4 |     3 ||     7
       Bread ration      |       |       |       |       |     1 ||     1
Armor: Animal skin       |    10 |     5 |       |       |       ||    15
       Ring mail         |       |    21 |     4 |       |   140 ||   165
       Chain mail        |       |       |   191 |   221 |   112 ||   524
Dodge: Dodged            |    65 |    47 |   119 |   268 |   434 ||   933

Action                   |  1- 3 |  4- 6 |  7- 9 | 10-12 | 13-15 || total
-------------------------+-------+-------+-------+-------+-------++-------
Melee: Falchion          |    97 |   106 |   410 |       |       ||   613
       Headbutt          |    12 |    22 |   121 |   120 |   219 ||   494
       Great sword       |       |       |    81 |   565 |   786 ||  1432
Invok: Berserk           |     1 |     3 |     4 |     9 |     6 ||    23
       Trog's Hand       |     1 |       |       |       |    10 ||    11
       Brothers in Arms  |       |       |       |     1 |     1 ||     2
Evoke: Wand              |       |       |       |     5 |    23 ||    28
       Lamp of fire      |       |       |       |       |     1 ||     1
  Use: Scroll            |       |     1 |    15 |    11 |     7 ||    34
       Potion            |       |       |       |       |     3 ||     3
 Stab: Paralysed         |       |       |       |       |     2 ||     2
  Eat: Chunk             |       |     8 |    10 |    17 |    15 ||    50
       Fruit             |       |       |     3 |       |       ||     3
       Beef jerky        |       |       |     2 |     4 |     6 ||    12
       Pizza             |       |       |       |     4 |     3 ||     7
       Bread ration      |       |       |       |       |     1 ||     1
Armor: Animal skin       |    10 |     5 |       |       |       ||    15
       Ring mail         |       |    21 |     4 |       |   140 ||   165
       Chain mail        |       |       |   191 |   221 |   112 ||   524
Dodge: Dodged            |    65 |    47 |   119 |   268 |   434 ||   933
